 Dungeon Crawl Stone Soup version 0.18-a0-738-g888b110 (webtiles) character file.

653 AnCiEnTIStOnEIBeAsT the Insei (level 7, -5/43 HPs)
             Began as an Octopode Transmuter on Dec 9, 2015.
             Was a Follower of Cheibriados.
             Slain by a centaur (8 damage)
             ... on level 6 of the Dungeon on Dec 10, 2015.
             The game lasted 00:12:50 (5483 turns).

AnCiEnTIStOnEIBeAsT the Insei (Octopode Transmuter) Turns: 5483, Time: 00:12:51

Health: -5/43      AC:  1    Str: 11    XL:     7   Next: 54%
Magic:  12/12      EV: 14    Int: 17    God:    Cheibriados [*.....]
Gold:   69         SH:  0    Dex: 17    Spells: 4 memorised, 3 levels left

rFire  . . .     SeeInvis .     o - +0 whip (venom)
rCold  . . .     Clarity  .     (no shield)
rNeg   . . .     SustAt   +     (helmet restricted)
rPois  .         Gourm    .     (no amulet)
rElec  .         Spirit   .     m - ring of flight
rCorr  .         Dismiss  .     n - +1 ring of evasion
rMut   .         Stasis   .     I - ring of sustain attributes
MR     .....                    (no ring)
Stlth  +++.......               (no ring)
                                (no ring)
                                (no ring)
                                (no ring)

@: appendage (expiring), very slow, not resistant to hostile enchantments,
fairly stealthy
A: almost no armour, amphibious, 8 rings, constrict 8, tentacle spike 3,
camouflage 1, gelatinous body 1
a: End Transformation, Bend Time, Renounce Religion, Evoke Flight


You were on level 6 of the Dungeon.
You worshipped Cheibriados.
Cheibriados was aware of your devotion.
You were hungry.
One of your tentacles had a temporary spike.
You visited 2 branches of the dungeon, and saw 7 of its levels.

You collected 234 gold pieces.
You spent 165 gold pieces at shops.

Inventory:

Hand Weapons
 o - a +0 whip of venom (weapon)
Missiles
 a - 12 arrows
 f - 8 javelins (quivered)
 h - 120 stones
 l - 3 tomahawks
 r - a throwing net
Jewellery
 m - a ring of flight (left tentacle)
 n - a +1 ring of evasion (right tentacle)
 A - an uncursed ring of teleportation
 I - a ring of sustain attributes (on tentacle)
Wands
 K - a wand of confusion (42)
Scrolls
 g - 2 scrolls of remove curse
 i - 3 scrolls of enchant weapon {unknown}
 j - a scroll of noise {unknown}
 p - a scroll of recharging {unknown}
 t - a scroll of fog {unknown}
 y - a scroll of blinking {unknown}
 E - a scroll of amnesia {unknown}
 F - 2 scrolls of identify
 J - a scroll of immolation {unknown}
 L - a scroll of teleportation {unknown}
Potions
 e - 2 potions of degeneration {unknown}
 k - 2 potions of cancellation
 q - a potion of ambrosia {unknown}
 s - 2 potions of beneficial mutation
 u - a potion of curing
 v - a potion of invisibility {unknown}
 x - a potion of magic
 B - a potion of heal wounds {unknown}
 C - 2 potions of haste {unknown}
 D - a potion of flight {unknown}
 G - a potion of poison {unknown}
 H - 2 potions of might
Books
 b - a book of Changes

   Spells                             Type                      Level
   a - Beastly Appendage              Transmutation                1
   b - Sticks to Snakes               Transmutation                2
   c - Spider Form                    Transmutation/Poison         3
   d - Ice Form                       Ice/Transmutation            4
   e - Blade Hands                    Transmutation                5
Comestibles
 c - 5 bread rations
 d - 2 meat rations
 w - a royal jelly
 z - a beef jerky


   Skills:
 * Level 1.5 Fighting
 * Level 2.6 Dodging
 * Level 5.4 Unarmed Combat
 + Level 3.9 Spellcasting
 * Level 5.1 Transmutations


You had 3 spell levels left.
You knew the following spells:

 Your Spells              Type           Power        Failure   Level  Hunger
a - Beastly Appendage     Trmt           ###...       1%          1    None
b - Sticks to Snakes      Trmt           ###.....     2%          2    ##.....
c - Spider Form           Trmt/Pois      ##........   17%         3    ###....
d - Ice Form              Ice/Trmt       ##......     58%         4    ####...


Dungeon Overview and Level Annotations

Branches:
Dungeon (6/15)             Temple (1/1) D:4

Altars:
Ashenzari
Cheibriados
Dithmenos
Elyvilon
Fedhas
Gozag
Nemelex Xobeh
Okawaru
Pakellas
Qazlal
Ru
Vehumet
Xom
Yredelemnul
Zin
The Shining One

Shops:
D:5 !

Annotations:
D:5 exclusion: ice beast


Innate Abilities, Weirdness & Mutations

You cannot wear most types of armour.
You are amphibious.
You can wear up to eight rings at the same time.
You can use your tentacles to constrict eight enemies at once.
Your skin changes colour to match your surroundings (Stealth).
Your rubbery body absorbs attacks (AC +1).
One of your tentacles bears a large vicious spike.


Message History

You are too injured to fight recklessly!
You completely miss the centaur.
You pierce the centaur, but do no damage.
You squeeze the centaur!
The centaur is heavily wounded.
The centaur closely misses you.
Drink which item? (? for menu, Esc to quit)
You feel better. The centaur hits you!
* * * LOW HITPOINT WARNING * * *
The centaur hits you.
* * * LOW HITPOINT WARNING * * *
Drink which item? (? for menu, Esc to quit)
You feel better. The centaur closely misses you.
You hit the centaur.
The centaur is poisoned.
Your tentacle spike misses the centaur.
The centaur is severely wounded.
The centaur hits you.
* * * LOW HITPOINT WARNING * * *
The centaur hits you!
You die...

#...####
#......####
###..#.#.##.#
#...........#
#.##.#.#.##.#
#.......#.#
#.#.###.#.#
#....<#(#.#
#######@#.#
......c.#.#
#########.#


You could see a centaur.

Vanquished Creatures
  Sigmund (D:4)
  A phantom (D:5)
  A scorpion (D:5)
  A centaur skeleton (D:4)
  A crimson imp (D:5)
  A hound (D:5)
  Jessica (D:2)
  An iguana (D:4)
  A hound skeleton (D:4)
  4 gnolls (D:2)
  2 worker ant zombies (D:5)
  4 adders
  A shadow imp (D:5)
  2 oozes
  4 worms
  A giant gecko (D:5)
  A ball python (D:1)
  5 bats
  6 giant cockroaches
  11 goblins
  8 hobgoblins
  14 jackals
  6 kobolds
  4 quokkas
  3 giant newts (D:1)
  7 rats
92 creatures vanquished.

Notes
Turn   | Place    | Note
--------------------------------------------------------------
     0 | D:1      | AnCiEnTIStOnEIBeAsT the Octopode Transmuter began the quest for the Orb.
     0 | D:1      | Reached XP level 1. HP: 13/13 MP: 3/3
   137 | D:1      | Reached XP level 2. HP: 13/18 MP: 1/5
   148 | D:1      | Learned a level 2 spell: Sticks to Snakes
   826 | D:1      | Reached XP level 3. HP: 21/23 MP: 6/6
   829 | D:1      | Found a sparkling altar of Nemelex Xobeh.
  1020 | D:2      | Learned a level 3 spell: Spider Form
  1300 | D:2      | Noticed Jessica
  1316 | D:2      | Killed Jessica
  1316 | D:2      | Reached XP level 4. HP: 28/28 MP: 5/8
  2083 | D:2      | Reached skill level 4 in Unarmed Combat
  2197 | D:2      | Reached XP level 5. HP: 12/33 MP: 7/9
  2425 | D:3      | Learned a level 4 spell: Ice Form
  2675 | D:3      | Upgraded the game from 0.18-a0-721-g8fc53f4 to 0.18-a0-738-g888b110
  2816 | D:3      | Found a shimmering altar of Xom.
  2817 | D:3      | Found a shimmering altar of Xom.
  2822 | D:3      | Found a shimmering altar of Xom.
  2844 | D:3      | Found a shattered altar of Ashenzari.
  3426 | D:4      | Found a staircase to the Ecumenical Temple.
  3509 | D:4      | Reached XP level 6. HP: 29/38 MP: 9/11
  3786 | D:4      | Noticed Sigmund
  3830 | D:4      | Killed Sigmund
  4180 | Temple   | Entered the Ecumenical Temple
  4324 | Temple   | Became a worshipper of Cheibriados the Contemplative
  4439 | D:5      | Entered Level 5 of the Dungeon
  4524 | D:5      | Reached skill level 5 in Unarmed Combat
  4582 | D:5      | Reached XP level 7. HP: 35/43 MP: 10/12
  4746 | D:5      | Reached * piety under Cheibriados
  4780 | D:5      | Found a sacrificial altar of Ru.
  4827 | D:5      | Reached skill level 5 in Transmutations
  5291 | D:5      | Found Bafysale's Distillery.
  5299 | D:5      | Bought a potion of curing for 45 gold pieces
  5299 | D:5      | Bought a potion of might for 60 gold pieces
  5299 | D:5      | Bought a potion of might for 60 gold pieces
  5481 | D:6      | HP: 2/43 [centaur (9)]
  5483 | D:6      | Slain by a centaur

Vault maps used:
D:1:      minmay_arrival_radiant_lines, serial_bayou_ford_a,
          minmay_statues_item, nemelex_xobeh_ov_fountains_minmay
D:2:      uniq_jessica
D:3:      evilmike_ruin_ashenzari, xom_redecorated
D:4:      minmay_temple_entry_glassed_door, uniq_sigmund
D:5:      nicolae_ru_awakened_eye, serial_shops, kennysheep_little_box,
          first_bread
D:6:      serial_glass, glass_columns_b, glass_columns_a, glass_columns_b,
          glass_columns_a, nicolae_alphabet_shops, uniq_pikel
Temple:   chambers_temple_14

Action                   |  1- 3 |  4- 6 |  7- 9 || total
-------------------------+-------+-------+-------++-------
Melee: Unarmed           |    58 |     7 |       ||    65
       Whip              |    12 |   104 |    45 ||   161
Throw: Javelin           |       |    23 |    16 ||    39
 Cast: Beastly Appendage |     8 |    14 |     3 ||    25
       Spider Form       |       |     1 |       ||     1
  Use: Scroll            |       |     4 |     1 ||     5
       Potion            |       |       |     3 ||     3
 Stab: Sleeping          |     9 |     4 |       ||    13
       Distracted        |       |     1 |       ||     1
  Eat: Chunk             |     1 |    11 |     1 ||    13
